 Dungeon Crawl Stone Soup version bcrawl-1.39.1 (webtiles) character file.

Game seed: 12773618908501787699

242867 Finalfun the Basher (level 9, -2/65 HPs)
             Began as a Demonspawn Abyssal Knight on Sept 26, 2023.
             Was a Priest of Lugonu.
             Slain by a killer bee (8 damage)
             ... on level 6 of the Dungeon.
             The game lasted 00:24:57 (6852 turns).

Finalfun the Basher (Demonspawn Abyssal Knight)     Turns: 6852, Time: 00:24:58

Health: -2/65      AC: 20    Str: 18    XL:     9   Next: 15%
Magic:  14/15      EV:  4    Int: 11    God:    Lugonu [***...]
Gold:   418        SH:  5    Dex: 13    Spells: 8/8 levels left

rFire    + . .     GDR:     27% a - +1 morningstar (protect)
rCold    . . .     SeeInvis .   x - +0 buckler {AC+3}
rNeg     . . .     Gourm    +   B - +0 plate armour (curse)
rPois    +         Faith    .   (helmet restricted)
rElec    .         Spirit   .   w - +0 cloak
rCorr    .         Reflect  .   t - +0 pair of gloves
MR       +....                  (no boots)
Stlth    ..........             h - amulet of the gourmand
HPRegen  0.20/turn              u - ring of poison resistance
MPRegen  0.14/turn              z - ring of protection from magic

@: lethally poisoned (-2 -> -12), swift, flying, very slightly contaminated,
hasted, invisible, very quick
A: antennae 2, molten scales 3, high mp 1, MP-powered wands
a: Depart the Abyss, Bend Space, Banish, Renounce Religion


You were on level 6 of the Dungeon.
You worshipped Lugonu.
Lugonu was most pleased with you.
You were very hungry.

You visited 1 branch of the dungeon, and saw 7 of its levels.
You visited the Abyss 1 time.

You collected 538 gold pieces.
You spent 120 gold pieces at shops.

Inventory:

Hand Weapons
 a - a +1 morningstar of protection (weapon)
 b - a +0 blowgun
Missiles
 c - 10 tomahawks of dispersal {=f}
 d - 1012 stones
 g - 115 javelins
 l - 75 poisoned tomahawks (quivered)
 q - 100 poisoned needles
 v - a throwing net {=f}
Armour
 o - a cursed +0 medium shield
 t - a +0 pair of gloves (worn)
 w - a +0 cloak (worn)
 x - a +0 buckler of protection (worn)
 B - a cursed +0 plate armour (worn)
 I - the +0 robe "Nuink" {rF+, unknown}
   (You found it on level 7 of the Dungeon)

   It protects you from fire.
Jewellery
 h - an amulet of the gourmand (around neck)
 u - a ring of poison resistance (left hand)
 z - a ring of protection from magic (right hand)
Wands
 E - a wand of charming (3)
 G - a wand of scattershot (5)
Scrolls
 f - 3 scrolls of enchant weapon
 i - a scroll of identify
 j - a scroll of fear
 k - 4 scrolls of teleportation
 n - 4 scrolls of remove curse
 p - a scroll of blinking {unknown}
 s - 2 scrolls of fog {unknown}
 y - 2 scrolls of enchant armour
 F - 2 scrolls of immolation {unknown}
Potions
 r - 4 potions of brilliance
 D - a potion of flight
Comestibles
 e - 9 rations {!d}


   Skills:
 - Level 4.0 Fighting
 + Level 8.6 Maces & Flails
 - Level 1.0 Throwing
 - Level 2.0 Armour
 - Level 1.0 Dodging
 - Level 3.0 Stealth
 - Level 4.0 Shields
 - Level 7.0 Invocations


You had 8 spell levels left.
You didn't know any spells.
Your spell library was empty.

Dungeon Overview and Level Annotations

Branches:
Dungeon (7/12)             Temple (0/1) D:5
   Lair: D:7-9

Altars:
Ashenzari
Makhleb
Nemelex Xobeh
Sif Muna
Xom
Yredelemnul

Shops:
D:4 !   D:6 (   D:7 *

Annotations:
D:4 Sigmund
Abyss:1 Duvessa


Innate Abilities, Weirdness & Mutations

You have a pair of antennae on your head.
You are completely covered in molten scales. (AC +4, rF+)
You have an increased reservoir of magic. (+10% MP)
You expend magic power (3 MP) to strengthen your wands.


Message History

You block the killer bee's attack.
The killer bee stings you but does no damage.
You closely miss the killer bee. The killer bee stings you.
* * * LOW HITPOINT WARNING * * *
You are more poisoned.
The killer bee poisons you!
The killer bee stings you but does no damage.
The killer bee stings you.
* * * LOW HITPOINT WARNING * * *
You are lethally poisoned!
The killer bee poisons you!
* * * LOW HITPOINT WARNING * * *
You feel sick.
* * * LOW HITPOINT WARNING * * *
You feel sick.
* * * LOW HITPOINT WARNING * * *
You feel sick.
* * * LOW HITPOINT WARNING * * *
You feel sick. The killer bee stings you!
You die...

...#....................#####....
.........................## #....
..........................# #....
..........................# #....
.....................FS...# ##...
##........................# ##..
###..............y.......# ###
##............y.......##
#...........@.........# #
##............8.8.....# #
##...................# ##
##..........8.8.8...# .#
##.....##..........#
.########..#####..8.8.8...#######
..........## #...........#....#
.#########.######...........[....
.# ##....##ยง...............


You could see a water moccasin, a bullfrog and 2 killer bees.

Vanquished Creatures
  A shadow (D:6)
  Eustachio (D:4)
  2 orc warriors
  A hornet zombie (D:6)
  A sky beast (D:5)
  2 bullfrogs
  A kobold brigand (D:7)
  Dowan (D:7)
  3 scorpions
  A killer bee (D:7)
  A howler monkey (D:6)
  An orc priest (D:3)
  3 crimson imps (D:5)
  A quasit (D:5)
  3 hounds
  A jelly (D:5)
  11 orc wizards
  An iguana (D:3)
  Natasha (D:4)
  6 worker ants
  A hound skeleton (D:6)
  A howler monkey zombie (D:4)
  4 gnolls (D:6)
  6 adders
  2 shadow imps (D:7)
  4 oozes
  2 adder skeletons
  3 worms
  3 dart slugs
  4 leopard geckos
  27 orcs
  5 giant cockroaches
  2 goblins
  8 hobgoblins
  9 jackals
  A quokka (D:2)
  2 bats (D:1)
  A frilled lizard (D:1)
  10 kobolds
  A rat (D:1)
139 creatures vanquished.

Notes
Turn   | Place    | Note
-------+----------+-------------------------------------------
     0 | Abyss:1  | Finalfun the Demonspawn Abyssal Knight began the quest for
                  | the Orb.
     0 | Abyss:1  | Reached XP level 1. HP: 18/18 MP: 2/2
    58 | Abyss:1  | Noticed a thrashing horror
    59 | D:1      | Escaped the Abyss
   414 | D:1      | Gained mutation: You have a pair of small antennae on your
                  | head. [demonic ancestry]
   414 | D:1      | Reached XP level 2. HP: 18/24 MP: 4/4
   516 | D:1      | Reached skill level 1 in Stealth
   680 | D:1      | Reached * piety under Lugonu
   682 | D:1      | Reached skill level 1 in Throwing
   682 | D:1      | Reached skill level 1 in Dodging
  1319 | D:2      | Found a burning altar of Makhleb.
  1329 | D:2      | Gained mutation: You are partially covered in molten
                  | scales. (AC +2) [demonic ancestry]
  1329 | D:2      | Reached XP level 3. HP: 29/29 MP: 5/5
  1355 | D:2      | Reached skill level 2 in Maces & Flails
  1719 | D:2      | Noticed a green death
  1723 | D:2      | Noticed a ynoxinul
  1723 | D:2      | Noticed a ynoxinul
  1899 | D:2      | Reached XP level 4. HP: 26/37 MP: 6/6
  2636 | D:3      | Reached ** piety under Lugonu
  2639 | D:3      | Found a sparkling altar of Nemelex Xobeh.
  2874 | D:3      | Gained mutation: You are mostly covered in molten scales.
                  | (AC +3) [demonic ancestry]
  2874 | D:3      | Reached XP level 5. HP: 26/42 MP: 7/7
  3046 | D:4      | Reached skill level 3 in Maces & Flails
  3104 | D:4      | Found Ugosoi Siaka's Distillery.
  3120 | D:4      | Bought a potion of haste for 120 gold pieces
  3141 | D:4      | Noticed Natasha
  3157 | D:4      | Reached XP level 6. HP: 38/48 MP: 8/8
  3269 | D:3      | Reached skill level 4 in Maces & Flails
  3269 | D:3      | Reached skill level 1 in Shields
  3414 | D:4      | Noticed Sigmund
  3840 | D:3      | Gained mutation: You have a pair of antennae on your head.
                  | [demonic ancestry]
  3840 | D:3      | Reached XP level 7. HP: 49/54 MP: 9/9
  3904 | D:5      | Entered Level 5 of the Dungeon
  3927 | D:5      | Reached skill level 5 in Maces & Flails
  4486 | D:5      | Noticed Eustachio
  4614 | D:4      | Killed Natasha
  4645 | D:4      | Killed Eustachio
  4646 | D:4      | Reached skill level 6 in Maces & Flails
  4664 | D:5      | Reached XP level 8. HP: 46/60 MP: 10/10
  4835 | D:5      | Found a staircase to the Ecumenical Temple.
  5059 | D:6      | Reached *** piety under Lugonu
  5094 | D:5      | Reached skill level 5 in Invocations
  5203 | D:6      | Found a shimmering blue altar of Sif Muna.
  5551 | D:6      | Found a basalt altar of Yredelemnul.
  5551 | D:6      | Found a burning altar of Makhleb.
  5557 | D:6      | Found a sparkling altar of Nemelex Xobeh.
  5562 | D:6      | Found a shimmering altar of Xom.
  5564 | D:6      | Found a shattered altar of Ashenzari.
  5711 | D:6      | Reached skill level 7 in Maces & Flails
  5761 | D:6      | Found Folachaz's Antique Weapon Boutique.
  6234 | D:7      | Noticed Duvessa
  6234 | D:7      | Noticed Dowan
  6238 | D:7      | Banished Duvessa
  6255 | D:7      | Killed Dowan
  6329 | D:7      | Got a heavy robe
  6356 | D:7      | Reached skill level 8 in Maces & Flails
  6356 | D:7      | Reached XP level 9. HP: 54/65 MP: 14/14
  6431 | D:7      | Found Zaunn's Island Escapes.
  6450 | D:7      | Noticed a troll
  6843 | D:6      | Gained mutation: You are completely covered in molten
                  | scales. (AC +4, rF+) [potion of mutation]
  6843 | D:6      | Gained mutation: You have an increased reservoir of magic.
                  | (+10% MP) [potion of mutation]
  6843 | D:6      | Gained mutation: You expend magic power (3 MP) to
                  | strengthen your wands. [potion of mutation]
  6852 | D:6      | Slain by a killer bee

Skill      XL: |  1  2  3  4  5  6  7  8 |
---------------+-------------------------+-----
Stealth        | 1 2 3 |  3.0
Throwing       | 1 |  1.0
Dodging        | 1 |  1.0
Maces & Flails | 2 3 4 6 8 |  8.6
Armour         | 2 |  2.0
Invocations    | 3 7 |  7.0
Fighting       | 4 |  4.0
Shields        | 2 4 |  4.0

Action                   |  1- 3 |  4- 6 |  7- 9 || total
-------------------------+-------+-------+-------++-------
Melee: Flail             |   142 |   242 |   262 ||   646
       Morningstar       |       |       |   199 ||   199
 Fire: Blowgun           |       |    19 |       ||    19
Throw: Stone             |    16 |    23 |    42 ||    81
       Tomahawk          |       |       |    13 ||    13
Invok: Depart the Abyss  |     1 |       |       ||     1
       Bend Space        |       |     4 |     5 ||     9
       Banish            |       |       |     3 ||     3
  Use: Scroll            |     2 |     4 |     1 ||     7
       Potion            |       |     1 |     4 ||     5
 Stab: Sleeping          |     1 |       |       ||     1
  Eat: Chunk             |     8 |    15 |     7 ||    30
       Ration            |       |       |     5 ||     5
Armor: Ring mail         |    57 |    16 |       ||    73
       Chain mail        |       |   111 |   308 ||   419
       Skin              |       |    32 |       ||    32
       Plate armour      |       |       |   222 ||   222
Dodge: Dodged            |    69 |    60 |   129 ||   258
Block: Buckler           |       |    27 |   150 ||   177
